cohdb
Replays
Latest Replays
All Replays
Popular Replays
Top Player Replays
Match Explorer
How It Works
Community
CoH3 Stats
Reddit
Sign in to upload your games and track your stats! →
Sign in with Steam
Match 44230659
Unlisted
Match 44230659
Overview
Messages
Build Orders
End
Panzerpioneer Squad
Selects Panzerjäger Kommand Battlegroup
Selects Blockade Equipment
250 Light Carrier
Construct Light Support Kompanie
Combat Half-tracks
MG34 Team
Selects Tank Busters
Assault Grenadier Squad
Assault Grenadier Squad
Panzerjäger Mechanized Group
2.5-tonne Medical Truck
Construct Mechanized Kompanie
Selects Defensive Positions
Vehicle Survival Package
Support Armor Elements
StuG III D Assault Gun
Panzerjäger Mechanized Group
Construct Panzerarmee Kommand
Selects Butterfly Bomb Drop
Marder III Tank Destroyer
Panzer III L Medium Tank
Selects Crew Shock Tactics
Selects Anti-tank Overwatch
Armored Reserves
Panzer III L Medium Tank
iceman
JBoss
mostwantx
Big:Tasty
Ambro
portalplayer
0
0
Comments
sign in to comment!
No comments posted yet!